 Dungeon Crawl Stone Soup version 0.25-a0-306-g3faca94 (webtiles) character file.

Game seed: 10717502889216459476, levelgen mode: deterministic

165 Birdy the Skirmisher (level 5, 0/57 HPs)
             Began as an Ogre Gladiator on Dec 21, 2019.
             Slain by a scorpion (2 damage)
             ... on level 4 of the Dungeon.
             The game lasted 00:03:03 (3090 turns).

Birdy the Skirmisher (Ogre Gladiator)               Turns: 3090, Time: 00:03:03

Health: 0/57       AC:  3    Str: 18    XL:     5   Next: 46%
Magic:  5/5        EV: 10    Int: 10    God:
Gold:   112        SH:  0    Dex: 10    Spells: 4/4 levels left

rFire    . . .     SeeInvis .   a - +0 quarterstaff
rCold    . . .     Gourm    +   (shield currently unavailable)
rNeg     . . .     Faith    .   b - +0 robe
rPois    .         Spirit   .   c - +0 hat
rElec    .         Reflect  .   (no cloak)
rCorr    .         Harm     .   (gloves unavailable)
MR       .....                  (boots unavailable)
Stlth    +.........             h - amulet of the gourmand
HPRegen  0.19/turn              (no ring)
MPRegen  0.09/turn              (no ring)

@: lightly drained, invisible
A: large, unfitting armour, tough skin 1
a: no special abilities


You were on level 4 of the Dungeon.
You were not hungry.

You visited 1 branch of the dungeon, and saw 4 of its levels.

You collected 112 gold pieces.

Inventory:

Hand Weapons
 a - a +0 quarterstaff (weapon)
Missiles
 d - 3 throwing nets (quivered)
Armour
 b - a +0 robe (worn)
 c - a +0 hat (worn)
Jewellery
 e - an uncursed amulet of harm {unknown}
 h - an amulet of the gourmand (around neck)
 l - an uncursed amulet of magic regeneration
Wands
 m - a wand of digging (2)
Scrolls
 g - 2 scrolls of remove curse
 i - 2 scrolls of identify
Comestibles
 f - 5 rations


   Skills:
 + Level 5.4(5.2) Fighting
 + Level 4.7(4.4) Staves
 - Level 2.0(1.8) Throwing
 - Level 2.6(2.4) Dodging


You had 4 spell levels left.
You didn't know any spells.
Your spell library contained the following spells:

 Spells                   Type           Power        Failure   Level  Hunger
 Beastly Appendage        Tmut           #.....       36%         1    ##.....
 Sticks to Snakes         Tmut           #.......     50%         2    ###....
 Spider Form              Tmut/Pois      #.........   75%         3    ####...
 Ice Form                 Ice/Tmut       #.......     98%         4    #####..
 Blade Hands              Tmut           #.........   100%        5    ######.


Dungeon Overview and Level Annotations

Branches:
Dungeon (4/15)
 Temple: D:4-7

Altars:
Fedhas


Innate Abilities, Weirdness & Mutations

You are too large for most types of armour.
You have tough skin. (AC +1)


Message History

A giant cockroach comes into view.
A scorpion comes into view.
The worm bites you!
* * * LOW HITPOINT WARNING * * *
Found a runed hat and a ration.
A worm comes into view.
As you read the scroll labeled SIKEOC ALEPS, it crumbles to dust.
You hear a loud clanging noise!
It was a scroll of noise.
You hear an angry hiss.
You hear a shout! x3; You hear an angry hiss.
The scorpion barely misses you.
As you read the scroll labeled TOAD YKOTUCAM, it crumbles to dust.
You feel aware of your surroundings.
You sensed 1 shop/portal.
It was a scroll of magic mapping.
A worker ant comes into view.
The scorpion stings you!
* * * LOW HITPOINT WARNING * * *
It was a potion of invisibility.
You fade into invisibility!
The scorpion stings you.
You die...

***,,****,,,,,,,,*,,*
**++* #.,,...,,,,,*
*,,,* *...%a#,**,**
*,*** **.....***,* *,*
*#.#.#* *,*
*****,*******#.#.##**,*
*,,,,,,,,,,,,.....,,,,*
*,***********#.#.#*****
,,* **#######.#@#
,,****,........#s#
,,,,,,,.....s.[.w#
,,,,,,,###########
********


You could see a worm, a scorpion and a worker ant.

Vanquished Creatures
  An orc wizard (D:3)
  2 adders (D:2)
  4 gnolls (D:2)
  An ooze (D:3)
  3 worms (D:2)
  3 dart slugs
  2 orcs (D:3)
  7 bats
  4 giant cockroaches
  7 goblins
  7 hobgoblins
  6 jackals
  3 frilled lizards
  5 kobolds
  8 rats
63 creatures vanquished.

Notes
Turn   | Place    | Note
-------+----------+-------------------------------------------
     0 | D:1      | Birdy the Ogre Gladiator began the quest for the Orb.
     0 | D:1      | Reached XP level 1. HP: 22/22 MP: 1/1
    26 | D:1      | HP: 1/22 [hobgoblin (3)]
    29 | D:1      | Reached skill level 3 in Fighting
   443 | D:1      | Reached XP level 2. HP: 29/31 MP: 2/2
  1109 | D:1      | Reached XP level 3. HP: 27/39 MP: 3/3
  1569 | D:2      | Reached skill level 4 in Fighting
  1773 | D:2      | Reached XP level 4. HP: 47/49 MP: 4/4
  2243 | D:2      | Reached skill level 5 in Fighting
  2493 | D:2      | Reached XP level 5. HP: 57/57 MP: 5/5
  3032 | D:3      | Found a blossoming altar of Fedhas.
  3078 | D:4      | Noticed an ogre
  3089 | D:4      | HP: 2/57 [scorpion (9)]
  3090 | D:4      | Slain by a scorpion

Levels and vault maps discovered:
D:1:      sevenhm_arrival_forest_fort_small_3, layout_rooms, chequers_garden,
          minmay_close_crescents
D:2:      layout_basic, minmay_tetromino_i4
D:3:      layout_basic, lemuel_crystal_altar, first_ration, uniq_robin
D:4:      layout_loops_ring, serial_shops, shop, kennysheep_generic_room_6,
          uniq_menkaure, uniq_pikel, uniq_ijyb

Skill      XL: |  1  2  3  4 |
---------------+-------------+-----
Fighting       | 3 4 5 |  5.4
Staves         | 4 |  4.7
Throwing       | |  2.0
Dodging        | |  2.6

Action                   |  1- 3 |  4- 6 || total
-------------------------+-------+-------++-------
Melee: Quarterstaff      |   118 |    70 ||   188
  Use: Scroll            |     5 |     3 ||     8
       Potion            |       |     2 ||     2
  Eat: Chunk             |     2 |     7 ||     9
Armor: Robe              |    59 |    18 ||    77
Dodge: Dodged            |    87 |    36 ||   123

Table legend:
 A = Non-vault XP
 B = Vault XP
 C = Vault XP percentage of total XP
 D = Non-vault monster count
 E = Vault monster count
 F = Vault count percentage of total count
                 A         B        C        D         E       F
            +---------+---------+-------+---------+---------+-------
      Total |     220 |      16 |   6.8 |      54 |       9 |  14.3
            +---------+---------+-------+---------+---------+-------
        D:1 |      31 |      10 |  24.4 |      20 |       5 |  20.0
        D:2 |     121 |       6 |   4.7 |      22 |       4 |  15.4
        D:3 |      68 |       0 |   0.0 |      12 |       0 |   0.0
            +---------+---------+-------+---------+---------+-------
